 Dungeon Crawl Stone Soup version 0.20-a0-893-g832831a (webtiles) character file.

3889 4thArraOfDagon the Cudgeler (level 10, -9/70 HPs)
             Began as a Mummy Monk on Mar 16, 2017.
             Was an Elder of Okawaru.
             Mangled by a slime creature (13 damage)
             ... on level 13 of the Dungeon.
             The game lasted 00:17:45 (4578 turns).

4thArraOfDagon the Cudgeler (Mummy Monk)            Turns: 4578, Time: 00:17:45

Health: -9/70      AC: 13    Str: 15    XL:     10   Next: 0%
Magic:  13/13      EV: 14    Int: 12    God:    Okawaru [****..]
Gold:   461        SH:  0    Dex: 15    Spells: 9/9 levels left

rFire    . . .     SeeInvis .   s - +0 great mace
rCold    + + +     Gourm    .   y - +2 ring mail {rC+}
rNeg     + + +     Faith    .   (shield currently unavailable)
rPois    ∞         Spirit   .   B - +0 helmet
rElec    .         Reflect  .   (no cloak)
rCorr    .         Harm     .   u - +1 pair of gloves
MR       +....                  x - +1 pair of boots
Stlth    +.........             (no amulet)
Regen    0.3/turn               D - ring of protection from cold
MPRegen  0.2/turn               z - ring of protection from fire

@: very slightly contaminated
A: no food or potions, fire vulnerability, cold resistance 1, negative energy
resistance 3, torment resistance, unbreathing
a: Heroism, Renounce Religion


You were on level 13 of the Dungeon.
You worshipped Okawaru.
Okawaru was greatly pleased with you.
You were not hungry.

You visited 1 branch of the dungeon, and saw 13 of its levels.
You also visited: Ossuary.

You collected 461 gold pieces.

Inventory:

Hand Weapons
 a - a +0 mace
 n - a +1 dagger of venom
 o - a +0 blowgun
 s - a +0 great mace (weapon)
 v - a +0 morningstar
 A - a +0 flail
Missiles
 e - 10 javelins (quivered)
 k - a throwing net
 m - 11 tomahawks of returning
 p - 7 curare-tipped needles
 H - 7 silver javelins
Armour
 b - a +0 robe
 d - a +0 chain mail
 u - a +1 pair of gloves (worn)
 x - a +1 pair of boots (worn)
 y - a +2 ring mail of cold resistance (worn)
 B - a +0 helmet (worn)
Jewellery
 z - a ring of protection from fire (left hand)
 D - a ring of protection from cold (right hand)
Wands
 r - a wand of random effects (12/48)
 w - a wand of iceblast (0/15)
 C - a wand of random effects (4/48)
 I - a wand of confusion (34/48)
Scrolls
 c - 3 scrolls of recharging {unknown}
 f - a scroll of fear {unknown}
 g - 4 scrolls of teleportation
 h - 2 scrolls of amnesia
 j - 2 scrolls of enchant armour
 l - 3 scrolls of magic mapping
 q - a scroll of fog
 t - a scroll of random uselessness
Books
 E - a book of Callings

   Spells                             Type                      Level
   a - Summon Small Mammal            Summoning                    1
   b - Call Imp                       Summoning                    2
   c - Call Canine Familiar           Summoning                    3
   d - Summon Guardian Golem          Hexes/Summoning              3
   e - Summon Lightning Spire         Summoning/Air                4
   f - Summon Ice Beast               Ice/Summoning                4
 F - a book of Necromancy

   Spells                             Type                      Level
   a - Pain                           Necromancy                   1
   b - Animate Skeleton               Necromancy                   1
   c - Vampiric Draining              Necromancy                   3
   d - Regeneration                   Charms/Necromancy            3
   e - Animate Dead                   Necromancy                   4
   f - Control Undead                 Necromancy                   4


   Skills:
 - Level 3.0 Fighting
 * Level 7.9 Maces & Flails
 - Level 3.0 Throwing
 + Level 5.1 Armour
 + Level 5.8 Dodging
 - Level 1.5 Stealth
 + Level 4.9 Invocations


You had 9 spell levels left.
You didn't know any spells.

Dungeon Overview and Level Annotations

Branches:
Dungeon (13/15)            Temple (0/1) D:5            Lair (0/6) D:11
    Orc (0/2) D:11
 Vaults: D:13-14

Altars:
Ashenzari
Fedhas
Okawaru
Qazlal
Yredelemnul
Zin

Shops:
D:4 }   D:11 [(:

Annotations:
D:3 Terence
D:6 Pikel


Innate Abilities, Weirdness & Mutations

You do not eat or drink.
Your flesh is vulnerable to fire.
You are immune to poison.
Your flesh is cold resistant. (rC+)
You are immune to negative energy. (rN+++)
You are immune to unholy pain and torment.
You can survive without breathing.


Message History

Unknown command.
Blink to where?
Press: ? - help, Dir - move target cursor, p - deep elf mage You are very lightly contaminated with residual magic.
As you read the scroll of blinking, it crumbles to dust.
Unknown command.
Unknown command.
You see here a fuming inky potion.
You feel like a meek peon again.
There is a stone staircase leading down here.
You climb downwards.
The slime creature hits you.
* * * LOW HITPOINT WARNING * * *
The slime creature barely misses you. The slime creature hits you.
* * * LOW HITPOINT WARNING * * *
There is a stone staircase leading up here.
Unknown command.
Unknown command.
Unknown command.
The slime creature hits you!
You die...

#### ...#
#..# #..#
#J.# ##. #.J#
.....###.
#..........##
#..........#


You could see 4 slime creatures.

Vanquished Creatures
  A deep elf mage (D:12)
  A gargoyle (D:11)
  A troll (D:11)
  A hippogriff (D:11)
  A hungry ghost (D:11)
  Menkaure (D:4)
  A hell hound (D:11)
  A slave (D:6)
  3 ice beasts
  2 orc warriors (D:11)
  5 ogres
  3 sky beasts
  A centaur (D:5)
  A big kobold (D:12)
  4 water moccasin zombies
  2 scorpions
  A howler monkey (D:6)
  2 crimson imps
  A jelly (D:10)
  2 quasits
  5 orc priests
  A centaur skeleton (D:5)
  4 orc wizards
  3 worker ants
  2 big kobold zombies (Ossuary)
  2 mummies (Ossuary)
  3 gnolls (D:7)
  3 adders
  3 shadow imps
  6 adder zombies
  2 adder skeletons
  A worm (D:4)
  6 leopard geckos
  12 orcs
  A ball python (D:3)
  3 bats (D:3)
  4 giant cockroaches
  3 gnoll zombies (Ossuary)
  A goblin (D:3)
  3 hobgoblins
  3 quokkas
  3 frilled lizards
  A goblin zombie (D:4)
  3 hobgoblin zombies (Ossuary)
  13 kobolds
  3 kobold zombies (Ossuary)
  5 orc zombies (Ossuary)
  A quokka zombie (D:4)
  2 rats
137 creatures vanquished.

Notes
Turn   | Place    | Note
-------+----------+-------------------------------------------
     0 | D:1      | 4thArraOfDagon the Mummy Monk began the quest for the Orb.
     0 | D:1      | Reached XP level 1. HP: 18/18 MP: 1/1
   227 | D:3      | Noticed Terence
   252 | D:2      | Reached XP level 2. HP: 18/24 MP: 2/2
   440 | D:3      | Reached XP level 3. HP: 12/29 MP: 3/3
   463 | D:3      | Reached skill level 3 in Maces & Flails
   623 | D:3      | Reached skill level 1 in Armour
   685 | D:4      | Noticed a scorpion
   693 | D:4      | Killed a scorpion
   693 | D:4      | Reached XP level 4. HP: 24/35 MP: 4/4
   737 | D:4      | Noticed Menkaure
   852 | D:4      | Found a sand-covered staircase.
   890 | D:5      | Entered Level 5 of the Dungeon
   893 | D:5      | Found an iron altar of Okawaru.
   896 | D:5      | Became a worshipper of Warmaster Okawaru
   896 | D:5      | Reached * piety under Okawaru
   896 | D:5      | Reached ** piety under Okawaru
   958 | Ossuary  | Entered an ossuary
   983 | Ossuary  | Reached XP level 5. HP: 27/41 MP: 2/5
  1423 | Ossuary  | Reached skill level 1 in Invocations
  1457 | Ossuary  | Reached skill level 4 in Maces & Flails
  1466 | Ossuary  | Reached skill level 1 in Throwing
  1466 | Ossuary  | Reached XP level 6. HP: 25/47 MP: 4/6
  1887 | D:4      | Found Buzischysm's Gadget Emporium.
  1962 | D:4      | Killed Menkaure
  2076 | D:5      | Found a staircase to the Ecumenical Temple.
  2129 | D:5      | Reached XP level 7. HP: 51/52 MP: 8/8
  2245 | D:5      | Reached *** piety under Okawaru
  2357 | D:4      | Found a glowing silver altar of Zin.
  2414 | D:5      | Reached skill level 5 in Maces & Flails
  2454 | D:6      | Found a blossoming altar of Fedhas.
  2507 | D:6      | Noticed Pikel
  2566 | D:6      | Reached XP level 8. HP: 51/58 MP: 6/10
  2574 | D:6      | Found a basalt altar of Yredelemnul.
  3025 | D:7      | Reached skill level 6 in Maces & Flails
  3212 | D:8      | Found a stormy altar of Qazlal.
  3332 | D:9      | Found a shattered altar of Ashenzari.
  3385 | D:10     | Entered Level 10 of the Dungeon
  3465 | D:11     | Noticed a troll
  3476 | D:11     | Reached **** piety under Okawaru
  3550 | D:11     | Found Piowug's Book Shoppe.
  3579 | D:11     | Noticed a hippogriff
  3583 | D:11     | Noticed a gargoyle
  3597 | D:11     | Killed a hippogriff
  3597 | D:11     | Reached XP level 9. HP: 59/63 MP: 8/11
  3607 | D:11     | Killed a gargoyle
  3607 | D:11     | Reached skill level 5 in Dodging
  3713 | D:11     | Killed a troll
  3713 | D:11     | Reached skill level 7 in Maces & Flails
  4084 | D:11     | Found Maad's Armour Boutique.
  4088 | D:11     | Found a staircase to the Orcish Mines.
  4103 | D:11     | Found Zymerac's Weapon Boutique.
  4320 | D:11     | Received a gift from Okawaru
  4370 | D:11     | Found a staircase to the Lair.
  4515 | D:12     | Noticed a deep elf mage
  4522 | D:12     | Noticed a deep elf mage
  4523 | D:12     | Killed a deep elf mage
  4523 | D:12     | Reached skill level 5 in Armour
  4523 | D:12     | Reached XP level 10. HP: 70/70 MP: 10/13
  4578 | D:13     | Mangled by a slime creature

Vault maps used:
D:1:      ldierk_walled_garden
D:2:      kennysheep_vampire_church, chequers_ecumenical_altar_grove,
          cheibrodos_gnoll_hut
D:3:      minmay_door_path, uniq_terence
D:4:      marbit_many_paths, enter_ossuary_4, minmay_shop_grid_forest,
          uniq_menkaure
D:5:      kennysheep_mini_moat, minmay_temple_entry_from_below_a, first_bread,
          grunt_decor_fettered
D:6:      kennysheep_mini, lemuel_round_altar, uniq_pikel
D:7:      cheibrodos_helix_gallery
D:8:      lemuel_upstairs_altar, nicolae_qazlal_general_emergency,
          grunt_ogre_cave, lightli_orcish_oven
D:9:      nicolae_overflow_crystal_walls, nicolae_overflow_hidden_temple
D:10:     serial_column_ruins, column_ruins_hut, column_ruins_hut,
          column_ruins_open_large, column_ruins_grid_4,
          column_ruins_open_tiny_water, column_ruins_open_tiny
D:11:     minmay_lair_entry_lava, orc_david_3, serial_shops,
          nicolae_shop_waterfront
D:12:     serial_shops, nicolae_shop_crystal
D:13:     uniq_kirke
Ossuary:  ossuary_tomb_2

Skill      XL: |  1  2  3  4  5  6  7  8  9 |
---------------+----------------------------+-----
Maces & Flails | 3 4 5 6 7 |  7.9
Armour         | 1 2 3 5 |  5.1
Dodging        | 3 4 5 |  5.8
Invocations    | 1 2 3 4 |  4.9
Throwing       | 1 2 3 |  3.0
Fighting       | |  3.0
Stealth        | |  1.5

Action                   |  1- 3 |  4- 6 |  7- 9 | 10-12 || total
-------------------------+-------+-------+-------+-------++-------
Melee: Mace              |   108 |   170 |       |       ||   278
       Great mace        |       |    14 |   314 |    13 ||   341
       Punch             |       |     1 |       |       ||     1
 Fire: Blowgun           |     4 |       |     1 |       ||     5
Throw: Javelin           |       |       |     3 |       ||     3
Invok: Heroism           |       |     6 |    21 |     1 ||    28
Evoke: Wand              |       |       |     8 |     1 ||     9
  Use: Scroll            |     1 |     4 |     5 |     1 ||    11
 Stab: Sleeping          |       |       |     1 |       ||     1
Armor: Chain mail        |    61 |    85 |    26 |       ||   172
       Robe              |     1 |       |       |       ||     1
       Ring mail         |       |       |   132 |     4 ||   136
Dodge: Dodged            |    52 |    61 |   248 |     6 ||   367
